 Dungeon Sprint DCSS version 0.21.0-24-g2553a33 (webtiles) character file.

2272 letownia2 the Brawler (level 9, -7/85 HPs)
             Began as a Troll Wizard on Jan 20, 2018.
             Was an Initiate of Gozag.
             Mangled by a spriggan druid
             ... wielding a +0 quarterstaff
              (18 damage)
             ... in the Dungeon (Sprint IV: "Fedhas' Mad Dash").
             The game lasted 00:07:08 (1499 turns).

letownia2 the Brawler (Troll Wizard)                Turns: 1499, Time: 00:07:08

Health: -7/85      AC:  5    Str: 17    XL:     9   Next: 16%
Magic:  0/14       EV: 10    Int: 17    God:    Gozag
Gold:   753        SH:  0    Dex:  8    Spells: 1/17 levels left

rFire    . . .     SeeInvis .     - Unarmed
rCold    . . .     Gourm    +   (no shield)
rNeg     . . .     Faith    .   a - +0 robe
rPois    .         Spirit   +   b - +0 hat
rElec    .         Reflect  .   e - scarf {Spirit}
rCorr    .         Harm     .   (gloves unavailable)
MR       .....     NoTele   +   (boots unavailable)
Stlth    +.........             k - amulet of invisibility {+Inv}
HPRegen  0.64/turn              (no ring)
MPRegen  0.14/turn              (no ring)

@: very slightly contaminated, fainting
A: large, unfitting armour, claws 3, fast metabolism 3, gourmand, regeneration
1, shaggy fur 1, tough skin 2
a: Potion Petition, Call Merchant, Bribe Branch, Renounce Religion, Evoke
Invisibility


You were in the Dungeon.
You worshipped Gozag.
Gozag was pleased with you.
You were fainting.

You visited 1 branch You collected 1608 gold pieces.
You spent 855 gold pieces at shops.

Inventory:

Hand Weapons
 p - the +6 spear of the Open Hand {speed, +Fly Str+2, unknown}
   (You found it in the Dungeon)

   Attacks with this weapon are significantly faster.
   It affects your strength (+2).
   It lets you fly.
Armour
 a - a +0 robe (worn)
 b - a +0 hat (worn)
 e - a scarf of spirit shield (worn)
Jewellery
 k - the amulet of invisibility (around neck) {+Inv}
   (You found it in the Dungeon)

   [amulet of nothing]

   It lets you turn invisible.
Scrolls
 j - 2 scrolls of blinking
 m - a scroll of immolation {unknown}
 o - a scroll of summoning {unknown}
 q - a scroll of magic mapping {unknown}
Potions
 d - a potion of degeneration {unknown}
 f - a potion of heal wounds
 g - a potion of haste
 h - a potion of magic
 i - a potion of berserk rage
 l - a potion of mutation
Books
 c - a book of Minor Magic

   Spells                             Type                      Level
   a - Magic Dart                     Conjuration                  1
   b - Blink                          Translocation                2
   c - Call Imp                       Summoning                    2
   d - Slow                           Hexes                        2
   e - Conjure Flame                  Conjuration/Fire             3
   f - Mephitic Cloud                 Conjuration/Poison/Air       3
 n - a book of Conjurations

   Spells                             Type                      Level
   a - Magic Dart                     Conjuration                  1
   b - Searing Ray                    Conjuration                  2
   c - Dazzling Spray                 Conjuration/Hexes            3
   d - Fulminant Prism                Conjuration/Hexes            4
   e - Force Lance                    Conjuration/Translocation    4
   f - Iskenderun's Mystic Blast      Conjuration                  4


   Skills:
 - Level 4.3 Fighting
 - Level 3.1 Dodging
 - Level 1.0 Stealth
 * Level 15.0 Unarmed Combat
 - Level 4.5 Spellcasting
 - Level 4.0 Conjurations
   Level 0.6 Summonings
 - Level 2.3 Translocations
 - Level 3.5 Fire Magic
 - Level 3.1 Air Magic
 - Level 3.4 Poison Magic


You had one spell level left.
You knew the following spells:

 Your Spells              Type           Power        Failure   Level  Hunger
a - Magic Dart            Conj           ###.         2%          1    None
b - Blink                 Tloc           N/A          9%          2    ##.....
c - Conjure Flame         Conj/Fire      ###.....     10%         3    ###....
e - Mephitic Cloud        Conj/Pois/Air  ###.....     11%         3    ###....
f - Fulminant Prism       Conj/Hex       ##........   54%         4    ####...
x - Dazzling Spray        Conj/Hex       ##....       19%         3    ###....


Dungeon Overview and Level Annotations

Branches:
Dungeon (1/1)

Altars:
Cheibriados
Dithmenos
Elyvilon
Gozag
Hepliaklqana
Kikubaaqudgha
Makhleb
Nemelex Xobeh
Okawaru
Qazlal
Ru
Sif Muna
Trog
Uskayaw
Vehumet
Wu Jian
Xom
Yredelemnul
Zin
The Shining One
Beogh
Jiyva
Lugonu

Shops:
D ?!??


Innate Abilities, Weirdness & Mutations

You are too large for most types of armour.
You have claws for hands.
Your metabolism is lightning-fast.
You like to eat raw meat.
Your natural rate of healing is unusually fast.
You are covered in fur. (AC +1)
You have very tough skin. (AC +2)


Message History

The spriggan druid hits you with a quarterstaff!
* * * LOW HITPOINT WARNING * * *
You barely miss the spriggan druid.
The spriggan druid is heavily wounded.
The spriggan druid hits you with a quarterstaff!
* * * LOW HITPOINT WARNING * * *
Unknown command.
You miss the spriggan druid.
The spriggan druid is heavily wounded.
Unknown command.
You scratch the spriggan druid but do no damage.
Your claw misses the spriggan druid.
The spriggan druid is heavily wounded.
The spriggan druid closely misses you.
Unknown command.
You miss the spriggan druid.
The spriggan druid is heavily wounded.
The spriggan druid hits you with a quarterstaff!!
You die...
Your body crumbles into a pile of gold.

..'.#...'.._._._._._..'..#...#...
..#.#...#..._._._._...#..###'##.[
######'##.._._._._._..#..##∩∩.'..
....'...#._._._._._.⌠.###########
....#...############### $
♣..######♣♣♣♣♣..♣(#
#####..'......♣..♣#
.......#♣..♣♣♣.♣i.#
.......#.♣♣..♣.$@♣ $
################## $


You could see a spriggan druid.

Vanquished Creatures
  2 oklob plants (D)
  A queen bee (D)
  3 burning bushes (D)
  2 scorpions (D)
  4 killer bees (D)
  5 oklob saplings (D)
  A worker ant (D)
  2 spriggans (D)
  2 wandering mushrooms (D)
  A river rat (D)
  A rat (D)
24 creatures vanquished.

Vanquished Creatures (others)
  A wandering mushroom (D)
1 creature vanquished.

Grand Total: 25 creatures vanquished

Notes
Turn   | Place    | Note
-------+----------+-------------------------------------------
     0 | D        | letownia2 the Troll Wizard began the quest for the Orb.
     0 | D        | Reached XP level 1. HP: 16/16 MP: 2/2
    16 | D        | Reached skill level 1 in Fighting
    16 | D        | Reached skill level 3 in Unarmed Combat
    16 | D        | Reached XP level 2. HP: 2/27 MP: 4/4
    77 | D        | Noticed an oklob sapling
   119 | D        | Killed an oklob sapling
   119 | D        | Reached skill level 5 in Unarmed Combat
   119 | D        | Reached XP level 3. HP: 35/35 MP: 5/5
   124 | D        | Learned a level 3 spell: Mephitic Cloud
   128 | D        | Learned a level 3 spell: Conjure Flame
   130 | D        | Found the amulet of invisibility {+Inv}
   149 | D        | Found an opulent altar of Gozag.
   149 | D        | Found a hazy altar of Hepliaklqana.
   149 | D        | Found a burning altar of Makhleb.
   149 | D        | Found a sparkling altar of Nemelex Xobeh.
   149 | D        | Found a sacrificial altar of Ru.
   149 | D        | Found a deep blue altar of Sif Muna.
   149 | D        | Found an ornate altar of the Wu Jian Council.
   149 | D        | Found a shimmering altar of Xom.
   149 | D        | Found a basalt altar of Yredelemnul.
   155 | D        | Found a viscous altar of Jiyva.
   155 | D        | Found a roughly hewn altar of Beogh.
   155 | D        | Found a snail-covered altar of Cheibriados.
   155 | D        | Found a bloodstained altar of Trog.
   155 | D        | Noticed an oklob sapling priest
   156 | D        | Found an iron altar of Okawaru.
   156 | D        | Found a shadowy altar of Dithmenos.
   156 | D        | Found a glowing silver altar of Zin.
   157 | D        | Found an ancient bone altar of Kikubaaqudgha.
   157 | D        | Found a hide-covered altar of Uskayaw.
   158 | D        | Found a stormy altar of Qazlal.
   158 | D        | Found a white marble altar of Elyvilon.
   158 | D        | Found a glowing golden altar of the Shining One.
   159 | D        | Became a worshipper of Gozag Ym Sagoz the Greedy
   160 | D        | Found a corrupted altar of Lugonu.
   160 | D        | Found a radiant altar of Vehumet.
   167 | D        | Killed an oklob sapling priest
   167 | D        | Reached skill level 7 in Unarmed Combat
   167 | D        | Reached XP level 4. HP: 6/42 MP: 5/8
   173 | D        | Learned a level 2 spell: Blink
   308 | D        | Reached skill level 1 in Conjurations
   308 | D        | Reached skill level 1 in Translocations
   308 | D        | Reached XP level 5. HP: 18/49 MP: 9/9
   366 | D        | Reached skill level 1 in Fire Magic
   366 | D        | Reached skill level 1 in Air Magic
   366 | D        | Reached skill level 1 in Poison Magic
   395 | D        | Found Weloen's Distillery.
   395 | D        | Found Jupnise's Magic Scroll Emporium.
   398 | D        | Bought a scroll of identify for 22 gold pieces
   406 | D        | Noticed a burning bush
   406 | D        | Noticed a wandering mushroom
   523 | D        | Noticed a wandering mushroom
   541 | D        | Reached XP level 6. HP: 32/61 MP: 7/10
   729 | D        | Killed a burning bush
   764 | D        | Found Zuemah's Magic Scroll Shoppe.
   765 | D        | Found Olala's Magic Scroll Emporium.
   817 | D        | Reached XP level 7. HP: 69/71 MP: 11/11
   831 | D        | Noticed a queen bee
   856 | D        | Reached skill level 8 in Unarmed Combat
   876 | D        | Killed a queen bee
   876 | D        | Reached skill level 9 in Unarmed Combat
   944 | D        | Bought a scroll of acquirement for 728 gold pieces
   955 | D        | Bought a scroll of blinking for 105 gold pieces
  1076 | D        | Noticed a burning bush
  1087 | D        | Killed a burning bush
  1087 | D        | Reached skill level 11 in Unarmed Combat
  1087 | D        | Reached XP level 8. HP: 60/79 MP: 9/13
  1105 | D        | Learned a level 4 spell: Fulminant Prism
  1109 | D        | Learned a level 3 spell: Dazzling Spray
  1115 | D        | Noticed an oklob plant
  1205 | D        | Killed an oklob plant
  1205 | D        | Reached skill level 12 in Unarmed Combat
  1219 | D        | Noticed a burning bush
  1219 | D        | Noticed an oklob plant
  1300 | D        | Noticed a wandering mushroom
  1401 | D        | Killed a burning bush
  1401 | D        | Reached skill level 13 in Unarmed Combat
  1427 | D        | Killed a wandering mushroom
  1446 | D        | Killed an oklob plant
  1446 | D        | Reached skill level 14 in Unarmed Combat
  1446 | D        | Reached XP level 9. HP: 25/85 MP: 5/14
  1448 | D        | Reached skill level 15 in Unarmed Combat
  1452 | D        | Got a pitted spear
  1491 | D        | Noticed a spriggan druid
  1499 | D        | Mangled by a spriggan druid

Skill      XL: |  1  2  3  4  5  6  7  8  9 |
---------------+----------------------------+-----
Fighting       | 1 2 3 4 |  4.3
Unarmed Combat | 3 5 7 11 14 15 | 15.0
Spellcasting   | 3 4 |  4.5
Dodging        | 2 3 |  3.1
Conjurations   | 1 2 3 4 |  4.0
Translocations | 1 2 |  2.3
Fire Magic     | 2 3 |  3.5
Air Magic      | 1 3 |  3.1
Poison Magic   | 2 3 |  3.4
Stealth        | |  1.0
Summonings     | |  0.6

Action                   |  1- 3 |  4- 6 |  7- 9 || total
-------------------------+-------+-------+-------++-------
Melee: Unarmed           |    22 |    44 |    51 ||   117
       Punch             |     1 |     1 |     1 ||     3
 Cast: Mephitic Cloud    |       |     2 |     5 ||     7
       Blink             |       |       |     1 ||     1
       Dazzling Spray    |       |       |     6 ||     6
 Abil: Evoke Invisibilit |     1 |       |     1 ||     2
  Use: Scroll            |       |     1 |     1 ||     2
       Potion            |       |       |     2 ||     2
 Stab: Sleeping          |     2 |       |       ||     2
       Confused          |       |     2 |     1 ||     3
       Invisible         |       |       |     1 ||     1
  Eat: Ration            |       |     2 |     1 ||     3
Armor: Robe              |     2 |     3 |     2 ||     7
Dodge: Dodged            |     3 |     7 |    11 ||    21
